[Event "*** Titled Tuesday Blitz"]
[Site "Chess.com"]
[Date "2019.07.02"]
[Round "7"]
[White "WildTricks"]
[Black "FrenchMonster2002"]
[Result "1-0"]
[WhiteElo "2313"]
[BlackElo "2429"]
[TimeControl "180+2"]
[EndTime "14:37:33 PDT"]
[Termination "WildTricks won by checkmate"]

1. e4 c5 2. Nf3 Nc6 3. d4 cxd4 4. Nxd4 e5 5. Nb5 d6 6. N1c3 a6 7. Bg5 Be7 8. Bxe7 Kxe7 9. Nd5+ Kf8 10. Ndc7 axb5 11.
Nxa8 Qa5+ 12. Qd2 Qxa8 13. Qxd6+ Nge7 14. c3 Be6 15. Bxb5 Qd8 16. Qc5 Qc7 17. Rd1 g6 18.
Bxc6 bxc6 19. Rd6 Rg8 20. Qxe5 Qc8 21. O-O g5 22. Rfd1 Ke8 23. Qd4 Nd5 24. exd5 cxd5 25.
Qf6 Qc7 26. Rxe6+ fxe6 27. Qxe6+ Kf8 28. Rxd5 Rg6 29. Rf5+ Kg7 30. Qe5+ Qxe5 31. Rxe5 Rd6 32. Kf1 Rd1+ 33. Ke2 Rb1 34. Rxg5+ Kf6 35. Rb5 Ke6 36. a4 Kd6 37. a5 Kc6 38. Rb6+ Kc5 39. b4+ Kc4 40. a6 Ra1 41. b5 Kc5 42. Rb7 Ra2+ 43. Ke3 h5 44. h4 Ra3 45. Ke4 Ra4+ 46. Kf5 Kd6 47. a7 Ra5 48. Kg6 Kc5 49. b6 Kc6 50. Rb8 Re5 51. a8=Q+ Kc5 52. Qa5+ Kd6 53. Rd8+ Ke7 54.
Qxe5+ Kxd8 55. Qc7+ Ke8 56. g4 hxg4 57. h5 g3 58. b7 g2 59. b8=R# 1-0

[Event "*** Titled Tuesday Blitz"]
[Site "Chess.com"]
[Date "2019.07.02"]
[Round "7"]
[White "Heineccius"]
[Black "BakaPG"]
[Result "1-0"]
[WhiteElo "2544"]
[BlackElo "2707"]
[TimeControl "180+2"]
[EndTime "14:37:34 PDT"]
[Termination "Heineccius won by resignation"]

1. d4 c5 2. d5 e5 3. e4 d6 4. Bb5+ Nd7 5. a4 Be7 6. Nf3 Nf6 7.
Nc3 a6 8. Be2 b6 9. Nd2 O-O 10.
O-O Ne8 11. Nc4 Rb8 12. Ne3 g6 13. Rb1 Bg5 14. g3 f5 15. exf5 gxf5 16. f4 exf4 17.
gxf4 Bf6 18. Bd3 Ng7 19. Kh1 Bxc3 20. bxc3 Nf6 21. c4 Ng4 22. Nxg4 fxg4 23. Bb2 Qh4 24. Qe1 Qh6 25. Qc3 Bf5 26. Rbe1 Rb7 27. Rg1 Bxd3 28.
cxd3 Qxf4 29. Rg3 h5 30. Reg1 b5 31. axb5 axb5 32. cxb5 Qg5 33. Qc4 Rf4 34. Qa2 Qe7 35.
Bc1 Rf7 36. Re3 Qh4 37. Qe2 Rf2 38. Re8+ Kh7 39. Qe4+ Nf5 40. Bf4 Qf6 41. Re6 Qf7 42. Bg3 Rf3 43. Bxd6 Kg7 44. Qxf3 Nxd6 45. Qe3 Nf5 46.
Qe5+ Kh7 47. Rf6 Ng3+ 48. hxg3 Qd7 49. Qxh5+ Kg8 50. Rg6+ Kf8 51. Qh8+ Ke7 52. Qf6+ 1-0

[Event "*** Titled Tuesday Blitz"]
[Site "Chess.com"]
[Date "2019.07.02"]
[Round "7"]
[White "EndgameGrinder"]
[Black "Warerman"]
[Result "0-1"]
[WhiteElo "2566"]
[BlackElo "2459"]
[TimeControl "180+2"]
[EndTime "14:37:34 PDT"]
[Termination "Warerman won on time"]

1. e4 c6 2. d4 d5 3. Nd2 dxe4 4. Nxe4 Bf5 5. Ng3 Bg6 6. h4 h6 7. Nf3 Nd7 8. h5 Bh7 9. Bd3 Bxd3 10. Qxd3 e6 11.
Bd2 Ngf6 12. O-O-O Be7 13. Kb1 O-O 14. Ne4 Nxe4 15.
Qxe4 Nf6 16. Qe2 Qd5 17. Be3 Ng4 18. Rh3 Rad8 19. Rd3 Bf6 20. Rg3 Nxe3 21. fxe3 Qxh5 22. e4 e5 23. Rh3 Qg4 24. d5 cxd5 25. Rxd5 Rxd5 26.
exd5 e4 27. Ng1 Qxe2 28. Nxe2 Rd8 29. c4 b5 30. b3 bxc4 31. bxc4 Rb8+ 32. Rb3 Rc8 33.
Rb4 Be7 34. Ra4 Bc5 35. Kc2 f5 36. Ra6 Bb6 37. Kb3 g5 38. Ng3 e3 39. Ne2 f4 40. a4 Kg7 41. a5 Bc5 42. Ka4 h5 43. Kb5 h4 44. Rc6 Rxc6 45. Kxc6 Bb4 46. d6 Bxa5 47.
c5 f3 48. gxf3 h3 49. Kd7 h2 50. Ng3 e2 51. c6 e1=Q 52. c7 Bxc7 53. Nf5+ Kf6 54.
dxc7 Qd2+ 55. Nd6 Qc1 0-1

[Event "*** Titled Tuesday Blitz"]
[Site "Chess.com"]
[Date "2019.07.02"]
[Round "7"]
[White "VerdeNotte"]
[Black "chessking2151"]
[Result "0-1"]
[WhiteElo "2821"]
[BlackElo "2612"]
[TimeControl "180+2"]
[EndTime "14:37:37 PDT"]
[Termination "chessking2151 won by resignation"]

1. e4 e5 2. d4 exd4 3. Nf3 Nc6 4. Bc4 Nf6 5. e5 d5 6. Bb5 Ne4 7. Nxd4 Bd7 8. Bxc6 bxc6 9. O-O Bc5 10. f3 Ng5 11. Be3 O-O 12. f4 Ne4 13. Nc3 Bb6 14. Nxe4 dxe4 15. f5 c5 16. Ne2 Bb5 17. Rf2 Qxd1+ 18. Rxd1 Rad8 19. Rxd8 Rxd8 20. Nc3 Bc6 21. Kf1 g6 22. g4 Re8 23. Bf4 Ba5 24. Ke2 Rb8 25. Nd1 Bb5+ 26. Ke3 c4 27. Rg2 Rd8 28. Nc3 Bc6 29.
Rd2 Rxd2 30. Kxd2 gxf5 31. gxf5 Bd7 32. f6 Bc6 33. Be3 a6 34. Bh6 Bb6 35. Ne2 Bd5 36. c3 c6 37. Be3 Bc7 38. Bd4 c5 39. Bxc5 Bxe5 40. Ke3 Bxh2 41. Kd4 Bc6 42. Be7 h5 43.
Kc5 Bd7 44. Kd5 Bg4 45. Nd4 e3 46. Kxc4 e2 47. Nc2 Bf5 48. Ne1 Bg3 49. Ng2 Be4 50.
Bd6 Bxd6 51. Ne1 Bg3 52. Kd4 Bxe1 53. Ke3 Bxc3 54. Kxe2 Bxb2 55. Ke3 Bd5 56. Kf4 Bxf6 57. a3 Be6 58. a4 Kg7 59. Ke4 Kg6 60. Kf4 Bd7 61. a5 Bd8 62. Ke4 Bxa5 63. Kd5 Bc7 0-1

[Event "*** Titled Tuesday Blitz"]
[Site "Chess.com"]
[Date "2019.07.02"]
[Round "7"]
[White "Everyfishknows"]
[Black "witcher8"]
[Result "0-1"]
[WhiteElo "2293"]
[BlackElo "2448"]
[TimeControl "180+2"]
[EndTime "14:37:42 PDT"]
[Termination "witcher8 won by checkmate"]

1. Nf3 Nf6 2. c4 g6 3. Nc3 Bg7 4. e4 d6 5. d4 O-O 6. Be2 e5 7. O-O Nc6 8. Be3 Ng4 9. Bg5 f6 10. Bc1 f5 11. Bg5 Qd7 12. d5 Nd8 13. c5 Nf7 14. c6 bxc6 15. dxc6 Qxc6 16. Bb5 Qb7 17. Be7 Be6 18. Bxf8 Bxf8 19. exf5 gxf5 20. Ba4 Qxb2 21. Bb3 Bxb3 22. Qxb3 Qxb3 23. axb3 c6 24. h3 Nf6 25. Rfe1 Nd7 26. Nh4 Nh6 27. Ra6 Nb8 28. Ra4 d5 29. g4 fxg4 30. hxg4 e4 31. f3 Bc5+ 32. Kg2 exf3+ 33.
Nxf3 Nd7 34. Ne5 Nxe5 35. Rxe5 Rf8 36. Rg5+ Kh8 37. Nd1 Bb6 38. Ra2 Rf4 39. Kg3 Bc7 40. Kh3 Bb6 41. Kg3 Rb4 42. Rb2 Nf7 43. Rf5 Kg7 44.
Kf3 Bc7 45. Nc3 Nh6 46. Rg5+ Kf6 47. Rh5 Kg6 48. Rh1 Be5 49. Rc2 Rxb3 50. Rhc1 d4 51. Ke4 Nxg4 52. Rg1 h5 53. Rxg4+ hxg4 54. Ne2 Re3# 0-1

[Event "*** Titled Tuesday Blitz"]
[Site "Chess.com"]
[Date "2019.07.02"]
[Round "7"]
[White "AndrewMaco"]
[Black "Jospem"]
[Result "1-0"]
[WhiteElo "2617"]
[BlackElo "2848"]
[TimeControl "180+2"]
[EndTime "14:38:04 PDT"]
[Termination "AndrewMaco won by resignation"]

1. e4 c5 2. Nf3 d6 3. d4 cxd4 4.
Nxd4 Nf6 5. Nc3 a6 6. f3 e5 7. Nb3 Be6 8. Be3 h5 9. Nd5 Bxd5 10. exd5 Nbd7 11. Qd2 Qc7 12. Be2 g6 13. O-O Bg7 14. c4 a5 15. Rae1 O-O 16. Na1 Rfe8 17. Nc2 Nc5 18.
Na3 b6 19. Nb5 Qd7 20. b3 Nh7 21. Bd1 f5 22. Bc2 Nf6 23. a3 Reb8 24. b4 axb4 25. axb4 Na6 26. Ra1 Nc7 27. Rxa8 Rxa8 28. Nc3 Rb8 29.
Ra1 e4 30. Ra7 exf3 31. gxf3 Nfe8 32. Nb5 Qe7 33. Bg5 Qd7 34. Ba4 Qf7 35. Bf4 Bf8 36. Nd4 Ra8 37. Rxa8 Nxa8 38. Bc6 Nac7 39. Ne6 Be7 40.
Qe3 Qf6 41. Kg2 Qb2+ 42. Qd2 Qb3 43. Qe2 Kf7 44. Bxe8+ Nxe8 45. Nd4 Qc3 46. Qe6+ Kf8 47. Bh6+ Ng7 48. Bxg7+ Kxg7 49. Qxe7+ Kh6 50. Qf8+ Kh7 51. Qe7+ Kh6 52. Ne2 Qxc4 53. Qe3+ Kh7 54. Nf4 Qxb4 55. Qe7+ Kh6 56. Ne6 Qb2+ 57. Kh3 Qh8 58. Qxd6 b5 59. Qf4+ Kh7 60. Ng5+ Kg8 61. Qb8+ Kg7 62. Ne6+ Kh7 63. Qxh8+ Kxh8 64. d6 1-0

[Event "*** Titled Tuesday Blitz"]
[Site "Chess.com"]
[Date "2019.07.02"]
[Round "7"]
[White "KarstenHansch"]
[Black "Vadim_Biliy"]
[Result "1/2-1/2"]
[WhiteElo "2405"]
[BlackElo "2216"]
[TimeControl "180+2"]
[EndTime "14:38:06 PDT"]
[Termination "Game drawn - insufficient material"]

1. e4 d6 2. d4 Nf6 3. Nc3 g6 4. Bg5 c6 5. Qd2 b6 6. O-O-O Bg7 7. f4 O-O 8. e5 Nd5 9. Nxd5 cxd5 10. Bd3 Nc6 11. Nf3 Bg4 12. Rdf1 Bxf3 13. Rxf3 Nxd4 14. Rh3 dxe5 15. fxe5 Bxe5 16. Qe1 Qd6 17. Qh4 h5 18. Bxe7 Qc7 19. Bxf8 Rxf8 20. c3 Ne6 21. Bc2 d4 22.
Qe1 dxc3 23. Rxc3 Bxc3 24. Qxc3 Qxc3 25. bxc3 Rc8 26. Kb2 b5 27. Rd1 Rc7 28. Rd6 Nf4 29.
g3 Ne2 30. Rd3 a5 31. Re3 Ng1 32. a3 Nh3 33. Re5 Rb7 34. Be4 Rb6 35. Bg2 Nf2 36. Kc2 Ng4 37. Re8+ Kg7 38. h3 Nf6 39. Ra8 b4 40.
Rxa5 bxa3 41. Rxa3 Nd7 42. Bd5 Kf6 43. Ra7 Ne5 44. c4 Rd6 45. Kc3 Nd7 46. Kd4 Ne5 47. c5 Nc6+ 48. Kc4 Rxd5 49. Ra6 Rg5 50. Rxc6+ Ke7 51.
Rc7+ Kd8 52. Rxf7 Rxg3 53. Rg7 g5 54. Kd5 g4 55. hxg4 Rxg4 56. Rh7 h4 57. Kc6 Rg6+ 58. Kb7 Rg4 59. Rh8+ Ke7 60. c6 Rb4+ 61. Kc8 Kf6 62. c7 Kg5 63. Kd7 Rc4 64. c8=Q Rxc8 65. Rxc8 h3 66.
Rg8+ Kf4 67. Rh8 Kg3 68. Ke6 h2 69. Ke5 Kg2 70. Kf4 h1=Q 71. Rxh1 Kxh1 1/2-1/2

[Event "*** Titled Tuesday Blitz"]
[Site "Chess.com"]
[Date "2019.07.02"]
[Round "7"]
[White "Sanan_Sjugirov"]
[Black "TenisMaster"]
[Result "1-0"]
[WhiteElo "2957"]
[BlackElo "2837"]
[TimeControl "180+2"]
[EndTime "14:38:12 PDT"]
[Termination "Sanan_Sjugirov won by resignation"]

1. d4 Nf6 2. c4 e6 3. Nf3 d5 4. Nc3 c6 5. Bg5 Nbd7 6. e3 h6 7. Bh4 g5 8. Bg3 Nh5 9. Bd3 Nxg3 10. hxg3 Bg7 11. Qb3 a6 12. cxd5 cxd5 13. a4 O-O 14. g4 b6 15. Qc2 Bb7 16. Qd2 Re8 17. Ne2 Rc8 18. Ng3 Nf6 19. Ne5 Qd6 20. Rd1 Ne4 21.
Nxe4 dxe4 22. Be2 Rc7 23. Nc4 Qc6 24. b3 Rec8 25. O-O Ba8 26. Ra1 b5 27. axb5 axb5 28. Na3 Rb7 29. Rfc1 Qe8 30. Rxc8 Qxc8 31. Nxb5 Rb8 32.
Bc4 Bc6 33. Nc3 Qc7 34. Ra6 Rd8 35. Qa2 Bb7 36. Ra7 Qb8 37. Qa5 Bc6 38. Qc7 Qxc7 39. Rxc7 Ba8 40. b4 Bf8 41. b5 Bd6 42. Ra7 Rc8 43.
b6 Rxc4 44. Rxa8+ Kg7 45. Rd8 Rxc3 46. Rxd6 Rc1+ 47. Kh2 Rc2 48. b7 Rb2 49. Rd7 Kg6 50.
Kg3 f6 51. f3 exf3 52. gxf3 h5 53. gxh5+ Kxh5 54. e4 f5 55. exf5 exf5 56. d5 f4+ 57.
Kh3 Rb3 58. Kg2 Rb2+ 59. Kf1 Kh4 60. d6 Kg3 61. Rc7 Kxf3 62. Ke1 Ke3 63. Re7+ Kf3 64. d7 Kg2 65. d8=Q f3 66. Qd5 g4 67. Rg7 1-0

[Event "*** Titled Tuesday Blitz"]
[Site "Chess.com"]
[Date "2019.07.02"]
[Round "7"]
[White "Caisachess"]
[Black "Witik"]
[Result "1/2-1/2"]
[WhiteElo "2385"]
[BlackElo "2523"]
[TimeControl "180+2"]
[EndTime "14:38:13 PDT"]
[Termination "Game drawn - insufficient material"]

1. e4 c6 2. Nc3 d5 3. Nf3 Bg4 4. h3 Bxf3 5. Qxf3 Nf6 6. g3 e6 7. Bg2 Bc5 8. d3 Nbd7 9. O-O O-O 10. Kh2 a5 11. Qe2 Bd4 12. Nd1 a4 13. c3 Ba7 14. e5 Ne8 15. d4 c5 16. Be3 a3 17. b3 Nc7 18. f4 f5 19. exf6 Qxf6 20. dxc5 Bxc5 21. Bxc5 Nxc5 22. Ne3 Qxc3 23. Rac1 Qa5 24.
f5 Ne4 25. Bxe4 dxe4 26. b4 Qb5 27. Qc2 Nd5 28. Qxe4 Nxe3 29. Qxe6+ Kh8 30. Qxe3 Rae8 31. Qf4 Re2+ 32. Rf2 Rxf2+ 33. Qxf2 Qxb4 34. g4 h6 35. Qc5 Qb2+ 36. Rc2 Qf6 37. Re2 Ra8 38. Qd5 Qb6 39. Kg2 Rd8 40. Qf3 Qa6 41. Rf2 b5 42. h4 b4 43. g5 Qc4 44. f6 Rg8 45. f7 Rf8 46. gxh6 Qxh4 47. hxg7+ Kxg7 48. Qf5 Qh6 49. Qe5+ Kh7 50.
Qf5+ Qg6+ 51. Qxg6+ Kxg6 52. Rf4 Rxf7 53. Rxb4 Rc7 54.
Rb3 Rc2+ 55. Kf3 Rxa2 56. Rb6+ Kf5 57. Ra6 Ke5 58. Ke3 Ra1 59. Kd2 Kd4 60. Kc2 Kc4 61. Rc6+ Kb5 62. Rc8 Rh1 63. Kb3 Rh3+ 64. Ka2 Kb4 65.
Rb8+ Ka4 66. Ra8+ Kb4 67. Rb8+ Kc5 68. Rb3 Rxb3 69. Kxb3 a2 70. Kxa2 1/2-1/2

[Event "*** Titled Tuesday Blitz"]
[Site "Chess.com"]
[Date "2019.07.02"]
[Round "7"]
[White "temus_galaktionov"]
[Black "DanielNaroditsky"]
[Result "1/2-1/2"]
[WhiteElo "2547"]
[BlackElo "3029"]
[TimeControl "180+2"]
[EndTime "14:38:20 PDT"]
[Termination "Game drawn by repetition"]

1. d4 Nf6 2. Nf3 g6 3. c4 Bg7 4.
Nc3 O-O 5. e4 d6 6. Be2 e5 7.
O-O exd4 8. Nxd4 Re8 9. f3 c6 10. Bg5 Qb6 11. Na4 Qa5 12. Bd2 Qc7 13. Bf4 Nh5 14. Be3 f5 15. Nc3 f4 16. Bf2 Be5 17. Nc2 Qe7 18. Qd2 Nd7 19. Rfd1 g5 20. Bd4 Ng7 21.
Bxe5 dxe5 22. Qd6 Qxd6 23. Rxd6 Re6 24. Rd2 Re8 25. Rad1 Nf6 26. b4 Be6 27. Na4 Bf7 28. Nc5 b6 29. Nb7 Re7 30. Nd8 c5 31. bxc5 bxc5 32.
Rd6 Nfe8 33. Rc6 Ne6 34. Nxe6 Rxe6 35. Rxc5 Rb8 36. Rb5 Reb6 37. a4 a6 38. Rxe5 h6 39. Nd4 Rb2 40. Bf1 Rd8 41. c5 Rb4 42. Nc6 Rxd1 43.
Nxb4 Bc4 44. h4 Nc7 45. hxg5 Rxf1+ 46. Kh2 hxg5 47. Rxg5+ Kh7 48. Nd5 Ne6 49. Nf6+ Kh6 50. Rg8 Ng7 51. Ng4+ Kh7 52. Rf8 Rc1 53. Rxf4 Be6 54.
Kg3 Rxc5 55. Nf6+ Kg6 56. Kh2 Kg5 57. g3 Rc2+ 58. Kg1 Ra2 59. Nh7+ Kh6 60. Nf8 Kg5 61. Nh7+ Kh6 62. Nf8 Kg5 63. Nh7+ 1/2-1/2

[Event "*** Titled Tuesday Blitz"]
[Site "Chess.com"]
[Date "2019.07.02"]
[Round "7"]
[White "Zubrrr"]
[Black "SalgadoChess91"]
[Result "0-1"]
[WhiteElo "2736"]
[BlackElo "2838"]
[TimeControl "180+2"]
[EndTime "14:38:22 PDT"]
[Termination "SalgadoChess91 won by resignation"]

1. c4 e6 2. g3 d5 3. Bg2 Nf6 4. Nf3 dxc4 5. Na3 Bxa3 6. bxa3 Nc6 7. Bb2 O-O 8. O-O Nd5 9. Qc2 Nb6 10. Rfd1 f6 11.
d3 cxd3 12. Rxd3 Qe7 13. Nd2 Bd7 14. Ne4 Rad8 15. Nc5 Bc8 16. Rad1 Rd6 17. Be4 h6 18. Rc1 Rfd8 19. Qb3 Kh8 20. a4 a5 21. Ba3 Rxd3 22. Nxd3 Qe8 23. Nf4 Nd4 24. Qe3 f5 25.
Bd3 e5 26. Qxe5 Qxe5 27. Ng6+ Kg8 28. Nxe5 Re8 29. f4 Nd5 30. Bc4 c6 31. e3 Ne6 32.
Kf2 Nec7 33. Bb3 Be6 34. Bd6 Rc8 35. Nxc6 bxc6 36. Rxc6 Kf7 37. Bxc7 Rxc7 38. Bxd5 Rxc6 39. Bxc6 Bxa2 40. Ke2 Ke7 41. Kd2 Kd6 42. Bb5 Kc5 43. Kc3 Bb1 44. Bd7 Be4 45. h3 Bb1 46. g4 fxg4 47.
Bxg4 Be4 48. h4 Bb1 49. Bf3 Bf5 50. e4 Bd7 51. Bd1 Bc6 52. Bc2 Bd7 53. e5 Bc8 54. Be4 Bd7 55. Bc2 Bc8 56. Bb3 Bf5 57. e6 Kd6 58.
Kd4 h5 59. Bd1 g6 60. Kc4 Kxe6 61. Kb5 Be4 62. Kxa5 Kf5 63. Kb6 Kxf4 64. a5 g5 65.
a6 gxh4 66. Bxh5 h3 67. a7 h2 68. Bg6 h1=Q 69. Bxe4 Qxe4 70. Kc7 Qa8 0-1

[Event "*** Titled Tuesday Blitz"]
[Site "Chess.com"]
[Date "2019.07.02"]
[Round "7"]
[White "ChessQueen"]
[Black "Kubas1010"]
[Result "0-1"]
[WhiteElo "2599"]
[BlackElo "2636"]
[TimeControl "180+2"]
[EndTime "14:38:22 PDT"]
[Termination "Kubas1010 won by resignation"]

1. Nf3 d5 2. g3 Nf6 3. Bg2 c5 4. O-O e6 5. d4 cxd4 6. Nxd4 e5 7. Nb3 Be6 8. c4 Nc6 9. Bg5 dxc4 10.
Bxc6+ bxc6 11. Qxd8+ Rxd8 12. Na5 Rd5 13. Nxc4 Ne4 14.
Be3 Bc5 15. Bxc5 Rxc5 16. Ne3 Ke7 17. f3 Nf6 18. Nd2 Rd8 19. Rfd1 a5 20. Kf2 a4 21. Ke1 Rb8 22. b3 Nd5 23. Nec4 Nb4 24. Ne4 Nc2+ 25. Kf2 Rxc4 26. bxc4 Nxa1 27. Rxa1 Bxc4 28. a3 Rb2 29. Nc3 Rc2 30. Nxa4 Rxe2+ 31. Kg1 Kd6 32. Nc3 Re3 33. Ne4+ Kc7 34. Kf2 Rb3 35. h4 Bd5 36. Nd2 Rb2 37.
Ke3 Kb6 38. g4 f6 39. Rc1 Ka5 40. Nc4+ Bxc4 41. Rxc4 Kb5 42. Rc3 c5 43. h5 c4 44.
Ke4 Rd2 45. h6 g6 46. g5 Rd4+ 47. Ke3 fxg5 48. Rc1 Kc5 49. a4 Kd5 50. Ra1 Rd3+ 51. Ke2 Kc6 52. a5 Rd7 53. Rb1 Ra7 54. Rb6+ Kc5 55. Re6 Rxa5 56. Rxe5+ Kb4 57. Re7 Ra2+ 58. Ke3 c3 59. Rxh7 Rh2 60. Rb7+ Ka3 61. Kd3 c2 62.
Rc7 Kb2 63. Rb7+ Kc1 64. Rc7 Kd1 65. Ke4 c1=Q 66. Rxc1+ Kxc1 67. Ke5 Rxh6 68. Kf6 Rh3 0-1

[Event "*** Titled Tuesday Blitz"]
[Site "Chess.com"]
[Date "2019.07.02"]
[Round "7"]
[White "Andrii_Prydun"]
[Black "Palacios-LLera"]
[Result "0-1"]
[WhiteElo "2289"]
[BlackElo "2417"]
[TimeControl "180+2"]
[EndTime "14:38:22 PDT"]
[Termination "Palacios-LLera won by checkmate"]

1. e4 c5 2. Nf3 Nc6 3. d3 g6 4. Nbd2 Bg7 5. Be2 d5 6. exd5 Qxd5 7. O-O Nf6 8. c3 O-O 9. Qc2 b6 10. Re1 Bb7 11. Bf1 Rad8 12. Ne4 Nh5 13. Bg5 Rd7 14.
h3 h6 15. Bd2 f5 16. Ng3 Nxg3 17. fxg3 e5 18. Rad1 Kh7 19. b3 Re8 20. Be3 Red8 21. g4 f4 22. Bf2 Qf7 23. Nd2 Ne7 24. Ne4 Nd5 25. Be2 Nf6 26. Bf3 Nxe4 27. Bxe4 Rd6 28. Qe2 Kg8 29. Rd2 Bxe4 30. Qxe4 Qd7 31. Red1 Kf7 32. a4 Qc6 33. Qc4+ Qd5 34. Qb5 R8d7 35. a5 Qc6 36. Qc4+ Qd5 37. axb6 axb6 38. Qb5 Qe6 39.
b4 cxb4 40. Qxb4 h5 41. Qe4 hxg4 42. hxg4 Qxg4 43. c4 Qf5 44. Qxf5+ gxf5 45. c5 bxc5 46. Bxc5 Rd5 47. Bb4 Kg6 48. Bc3 Kh5 49. Kf2 Kg4 50. Ke2 Bf6 51. Bb2 Bg5 52. d4 e4 53. Rc2 Bf6 54. Rc4 Kg3 55. Rd2 f3+ 56. gxf3 exf3+ 57.
Kd3 Bg5 58. Rd1 f2 59. Rcc1 Rb7 60. Rb1 Rb3+ 61. Kc4 Rdb5 62. Ra1 Rxb2 63. Ra3+ Kg2 64. Ra8 R2b4+ 65. Kd3 f1=Q+ 66. Rxf1 Kxf1 67. Rf8 Rb3+ 68. Kc4 Be3 69. d5 R3b4+ 70. Kd3 f4 71. d6 Rd4+ 72. Kc3 Rc5+ 73. Kb3 Rxd6 74. Rf7 Rb6+ 75. Ka4 Bd2 76. Rd7 Ra5# 0-1

[Event "*** Titled Tuesday Blitz"]
[Site "Chess.com"]
[Date "2019.07.02"]
[Round "7"]
[White "julinha97"]
[Black "Ceejay271"]
[Result "0-1"]
[WhiteElo "2227"]
[BlackElo "2300"]
[TimeControl "180+2"]
[EndTime "14:38:26 PDT"]
[Termination "Ceejay271 won by resignation"]

1. e4 c5 2. Nf3 Nc6 3. d4 cxd4 4. Nxd4 Nf6 5. Nc3 d6 6. Bg5 Bd7 7. Qd2 h6 8. Bxf6 gxf6 9. O-O-O Nxd4 10. Qxd4 Qa5 11. f4 Rc8 12. Qd5 Qxd5 13. Nxd5 f5 14. exf5 Bxf5 15. Bb5+ Kd8 16. Ne3 Be4 17. Bd3 Bc6 18.
Rhe1 e6 19. f5 h5 20. Kb1 Kc7 21. fxe6 fxe6 22. Rf1 Bh6 23. Rf7+ Kb8 24. Nc4 Bxg2 25. Nxd6 Rc7 26. Rxc7 Kxc7 27. Nb5+ Kb6 28. Nd4 e5 29. Nf5 Bf4 30. Rg1 Bc6 31. h3 e4 32. Bc4 Bd7 33.
Ne7 Kc5 34. Ng6 Rh6 35. Nxf4 Kxc4 36. b3+ Kc5 37. Rg5+ Kd6 38. Nxh5 Bxh3 39. Ng3 Re6 40. Kc1 Re5 41. Rg6+ Kd5 42. Ne2 e3 43. c4+ Ke4 44.
Rg3 Bf5 45. Rg1 Kd3 46. Nf4+ Ke4 47. Ne2 Kf3 48. Nd4+ Kf2 49. Rg5 e2 50. Nxe2 Kxe2 51. Kb2 Ke3 52. Rg2 Be4 53. Rg7 Kd4 54. Rd7+ Kc5 55.
Kc3 a5 56. a3 Bc6 57. b4+ axb4+ 58. axb4+ Kb6 59. Rg7 Rh5 60. b5 Rh3+ 61. Kb4 Bh1 62. Rg1 Rh4 63. Rg6+ Ka7 64. Rg7 Bd5 65. Rc7 Kb6 66.
Rc8 Be6 67. Kc3 Bxc8 0-1

[Event "*** Titled Tuesday Blitz"]
[Site "Chess.com"]
[Date "2019.07.02"]
[Round "7"]
[White "Galileo22"]
[Black "NeverEverForever1990"]
[Result "0-1"]
[WhiteElo "2380"]
[BlackElo "2441"]
[TimeControl "180+2"]
[EndTime "14:38:26 PDT"]
[Termination "NeverEverForever1990 won by checkmate"]

1. d4 Nf6 2. Nf3 d5 3. c4 c6 4.
g3 Bg4 5. Bg2 Nbd7 6. O-O e6 7.
Nbd2 Be7 8. b3 O-O 9. Bb2 a5 10. a3 b5 11. c5 a4 12. b4 h6 13. h3 Bf5 14. Ne5 Nxe5 15. dxe5 Ne4 16. Nf3 Bh7 17. Nd4 Qd7 18. Qe1 f6 19. Nf3 Ng5 20.
Nxg5 hxg5 21. Rd1 f5 22. f3 Qe8 23. g4 f4 24. e3 fxe3 25. Bc1 Qg6 26. Bxe3 Qh6 27.
Rd4 Rf4 28. Bxf4 gxf4 29. Qd2 Rf8 30. Re1 Bh4 31. Re2 g5 32. Bf1 Bg6 33. Qd1 Kg7 34.
Qa1 Rh8 35. Rd1 Bg3 36. Red2 Qh4 37. Bg2 Qh7 38. Qb2 Qg8 39. Bf1 Rh6 40. Rd4 Qh7 41.
Qg2 Bc2 42. Rc1 Bg6 43. Rdd1 Rh4 44. Ra1 Kf8 45. Rac1 Ke7 46. Kh1 Kd8 47. Kg1 Kc7 48. Ra1 Kb7 49. Rac1 Ka6 50. Ra1 Bc2 51. Rdc1 Bd3 52. Ra2 Bxf1 53. Kxf1 Rxh3 54. Kg1 Rh4 55. Rcc2 Qd3 56. Qe2 Qh7 57. Qg2 Rh6 58. Rab2 Qh8 59.
Re2 Qh7 60. Red2 Kb7 61. Re2 Kc7 62. Red2 Rh4 63. Rbc2 Qg6 64. Rb2 Qg7 65. Re2 Kd7 66. Rbd2 Ke7 67. Rb2 Qh7 68. Rbc2 Qd3 69. Rcd2 Qb1+ 70.
Qf1 Rh1+ 71. Kxh1 Qxf1# 0-1

[Event "*** Titled Tuesday Blitz"]
[Site "Chess.com"]
[Date "2019.07.02"]
[Round "7"]
[White "Karina_Ivanova"]
[Black "pedro_gines"]
[Result "1-0"]
[WhiteElo "2188"]
[BlackElo "2378"]
[TimeControl "180+2"]
[EndTime "14:38:26 PDT"]
[Termination "Karina_Ivanova won by checkmate"]

1. Nf3 d6 2. g3 Nf6 3. Bg2 e5 4. c4 Be7 5. Nc3 O-O 6. O-O Nc6 7. d3 Nh5 8. Rb1 f5 9. b4 f4 10. b5 Nb8 11. Nd5 c6 12. bxc6 bxc6 13. Nxe7+ Qxe7 14. Nd2 Be6 15. Qb3 Kh8 16. Qb7 Nd7 17. Qxc6 Rac8 18.
Qa4 Nc5 19. Qd1 Bg4 20. Ne4 Nxe4 21. Bxe4 Bh3 22. Bg2 Qd7 23. Rb7 Qg4 24. f3 Qe6 25. g4 Bxg2 26. Kxg2 Nf6 27. h3 Rb8 28. Qb3 Nd7 29.
Ba3 Qf6 30. Rb1 Nb6 31. Rxb8 Rxb8 32. c5 dxc5 33. Bxc5 Qh4 34. Bf2 Qe7 35. Qb4 Qd7 36.
Qa5 Qe7 37. Bxb6 axb6 38. Rxb6 Re8 39. Qb4 Qh4 40. Rb8 Qg3+ 41. Kf1 Qxh3+ 42. Ke1 Rg8 43. Rxg8+ Kxg8 44. Qb8+ Kf7 45. Qc7+ Kf6 46. Qd6+ Kf7 47. Qxe5 Qg3+ 48. Kd2 g6 49. Qc7+ Kf6 50. Qd6+ Kg5 51. Qe7+ Kh6 52. a4 Qf2 53. Qf8+ Kg5 54. Qd8+ Kh6 55.
Qe7 Qd4 56. Qe4 Qb2+ 57. Ke1 Kg5 58. Kf2 Qb6+ 59. d4 Qd6 60. Qe5+ Qxe5 61. dxe5 h5 62.
gxh5 gxh5 63. a5 h4 64. Kg2 Kf5 65. a6 Kxe5 66. a7 Kd4 67. a8=Q Ke3 68. Qe4+ Kd2 69. Qxf4+ Ke1 70. Qxh4+ Kxe2 71. Qe4+ Kd2 72. f4 Kc3 73. f5 Kd2 74. f6 Kc3 75. f7 Kd2 76. f8=Q Kc3 77. Qd5 Kc2 78. Qc8+ Kb2 79. Qdb7+ Ka3 80. Qca8# 1-0

[Event "*** Titled Tuesday Blitz"]
[Site "Chess.com"]
[Date "2019.07.02"]
[Round "7"]
[White "iturrizaga"]
[Black "severomorskij"]
[Result "1-0"]
[WhiteElo "2951"]
[BlackElo "2853"]
[TimeControl "180+2"]
[EndTime "14:38:32 PDT"]
[Termination "iturrizaga won on time"]

1. c4 e5 2. g3 c6 3. Nf3 e4 4. Nd4 d5 5. d3 exd3 6. Qxd3 dxc4 7. Qxc4 Nf6 8. Bg2 Be7 9. O-O O-O 10.
Nc3 Nbd7 11. Rd1 Ne5 12. Qa4 Qb6 13. Nb3 Neg4 14. Rf1 Be6 15. h3 Ne5 16. Be3 Qb4 17.
Qxb4 Bxb4 18. Bc5 Bxc5 19. Nxc5 Rab8 20. Rfd1 Ned7 21. Nd3 Rfd8 22. Rac1 Kf8 23. b3 Ke7 24. f4 g6 25. e4 Nb6 26. Kf2 Nfd7 27. g4 f6 28. Ke3 Nc8 29. Na4 Ncb6 30. Nc3 Nc8 31. Bf3 Nd6 32. h4 h6 33. Rg1 g5 34. hxg5 hxg5 35. f5 Bg8 36. Rh1 Nf7 37. Be2 Nde5 38.
Nc5 Nd6 39. N3a4 b6 40. Nd3 Ndf7 41. Nab2 Rd6 42. Nc4 Nxc4+ 43. Rxc4 Rbd8 44. Rc3 c5 45. b4 cxb4 46. Nxb4 Ne5 47. a4 a5 48. Rc7+ R8d7 49. Rxd7+ Rxd7 50. Nd3 Nc4+ 51. Kf2 Nd2 52. e5 Ne4+ 53. Ke3 Nc3 54. exf6+ Kxf6 55. Rh6+ Ke7 56. Ne5 Rc7 57. Bf3 Bd5 58. Rxb6 Bxf3 59. Re6+ Kf8 60.
Kxf3 Nxa4 61. Ra6 Nc5 62. Rxa5 Nd7 63. Nxd7+ Rxd7 64. Ra6 Rd3+ 65. Ke4 Rg3 66. f6 Kf7 67. Kf5 1-0

[Event "*** Titled Tuesday Blitz"]
[Site "Chess.com"]
[Date "2019.07.02"]
[Round "7"]
[White "Benjoneliere44"]
[Black "ozates"]
[Result "0-1"]
[WhiteElo "2445"]
[BlackElo "2334"]
[TimeControl "180+2"]
[EndTime "14:38:42 PDT"]
[Termination "ozates won by resignation"]

1. d4 d5 2. Nf3 Nf6 3. Bf4 c5 4. c3 Nc6 5. e3 Qb6 6. Qb3 c4 7.
Qc2 Bf5 8. Qc1 Nh5 9. Bg5 h6 10.
Bh4 g5 11. Bg3 Nxg3 12. hxg3 Bg7 13. Nbd2 e6 14. Be2 Qc7 15. Bd1 b5 16. Bc2 Bxc2 17.
Qxc2 f5 18. Ng1 a5 19. b3 h5 20. Ne2 Bf6 21. a4 cxb3 22. Qxb3 b4 23. O-O h4 24.
cxb4 hxg3 25. Nxg3 Qh7 26. Rfc1 Nxb4 27. Kf1 f4 28. exf4 gxf4 29. Ne2 Nd3 30. Rc3 Qh1+ 31. Ng1 Rh2 32. Qb5+ Kf7 33. Rc7+ Be7 34. Qxd3 Qxg2+ 35. Ke1 Qxg1+ 36. Qf1 Qxf1+ 37. Nxf1 Rh1 38. Rb1 Kf6 39. Rbb7 Re8 40. Ke2 f3+ 41. Ke1 Bb4+ 42. Kd1 Rxf1+ 43. Kc2 Rxf2+ 44. Kd3 Rf8 45. Ke3 Rf1 46. Rh7 f2 47.
Ke2 Re1+ 48. Kxf2 Kg6+ 49. Kg2 Re2+ 50. Kg3 Be1+ 51. Kg4 Re4+ 52. Kh3 Rf3+ 53. Kg2 Rf2+ 54. Kh1 Ref4 55. Rbe7 Rf1+ 56. Kg2 R4f2+ 57. Kh3 Rh1+ 58. Kg4 Rxh7 59. Rxe6+ Rf6 60. Rxe1 Rb7 61. Re5 Rb4 62. Rxd5 Rxa4 63. Rd8 Rb4 64. Kg3 a4 65. d5 Rd4 66.
Ra8 Rb6 67. d6 Rbxd6 68. Kf3 Rd3+ 69. Ke2 a3 70. Rg8+ Kf7 71. Rg4 Rd2+ 72. Ke3 R6d3+ 73.
Ke4 Rd4+ 74. Ke5 Rxg4 0-1